Construct Infanterie Kompanie
Selects Luftwaffe Battlegroup
Selects Luftwaffe Pioneer Support
Construct Panzergrenadier Kompanie
Infanterie Officer Quarters
Selects LG40 Recoilless Gun Paradrop
Selects Stuka Strafing Run
LG40 Recoilless Gun Paradrop
LG40 Recoilless Gun Paradrop
Panzergrenadier Officer Quarters
LG40 Recoilless Gun Paradrop
Selects Infantry Reserves
LG40 Recoilless Gun Paradrop
Selects Fallschirmjäger Squad Paradrop
Construct Luftwaffe Kompanie
LG40 Recoilless Gun Paradrop
Flak 30 Anti-aircraft Gun Team
Fallschirmpioneer Squad Paradrop
Fallschirmjäger Squad Paradrop
LG40 Recoilless Gun Paradrop
Fallschirmjäger Squad Paradrop
Fallschirmpioneer Squad Paradrop
Fallschirmjäger Squad Paradrop
Fallschirmjäger Squad Paradrop
Fallschirmpioneer Squad Paradrop